[Event "Wednesday Apr 11 Engine Tour 9 Rd Swiss 12m+1s Starts at 1600hrs ST"]
[Site "Infinity Chess"]
[Date "2018.4.11"]
[Round "9"]
[White "MCDermont"]
[Black "Seliga"]
[Result "1/2-1/2"]
[ECO "C50"]
[WhiteElo "2495"]
[BlackElo "2473"]
[WhiteEngine "BrainFish 090218"]
[BlackEngine "SF9 ''A5''_CTG"]
[EventType "Swiss"]
[WhiteTeam ""]
[BlackTeam ""]
[PlyCount "87"]
[TimeControl "720+1"]

1. e4 e5 2. Nf3 Nc6 3. Bc4 Bc5 4. O-O Nf6 5. d3 O-O 6. c3 a5 7. d4 Bb6 
8. dxe5 Ng4 9. Bf4 Qe8 10. Qd5 Ne7 11. Qd2 Ng6 12. Na3 N6xe5 13. Nxe5 Nxe5 
14. Bb5 Qe7 15. Bg5 f6 16. Be3 Bxe3 17. Qxe3 d6 18. f4 Nd7 19. Bc4+ Kh8 
20. Nb5 c6 21. Nc7 Rb8 22. Ne6 Re8 23. Rad1 Nb6 24. Qxb6 Bxe6 25. Bxe6 Qxe6 
26. Rfe1 Qg4 27. Rxd6 Qxf4 28. Rd7 h6 29. Qxa5 Rxe4 30. Rxe4 Qxe4 31. h3 Qe3+ 
32. Kh2 Qf4+ 33. Kh1 Qc1+ 34. Kh2 Qxb2 35. Rd8+ Rxd8 36. Qxd8+ Kh7 37. Qd3+ Kg8 
38. Qd8+ Kf7 39. Qd7+ Kg8 40. Qe8+ Kh7 41. Qe4+ Kg8 42. Qe8+ Kh7 43. Qe4+ Kg8 
44. Qe8+ 1/2-1/2

[Event "Wednesday Apr 11 Engine Tour 9 Rd Swiss 12m+1s Starts at 1600hrs ST"]
[Site "Infinity Chess"]
[Date "2018.4.11"]
[Round "8"]
[White "CrapCleaner"]
[Black "Time_bandit"]
[Result "1/2-1/2"]
[ECO "C55"]
[WhiteElo "2461"]
[BlackElo "2435"]
[WhiteEngine "Houdini 6.03 Standard_CTG"]
[BlackEngine "asmFishW_2018-02-02_popcnt"]
[EventType "Swiss"]
[WhiteTeam ""]
[BlackTeam ""]
[PlyCount "52"]
[TimeControl "720+1"]

1. e4 e5 2. Nf3 Nc6 3. Bc4 Nf6 4. d3 Bc5 5. O-O d6 6. c3 a5 7. Bg5 Ba7 
8. Nbd2 h6 9. Bh4 Qe7 10. a3 g5 11. Bg3 Nd7 12. Bb5 h5 13. h3 g4 14. Nh4 gxh3 
15. gxh3 Nf6 16. Kg2 Bd7 17. Bxc6 bxc6 18. b4 Nh7 19. Ndf3 Ng5 20. Nxg5 Qxg5 
21. bxa5 Rg8 22. Kh2 Be3 23. Nf3 Qg6 24. Nh4 Qg5 25. Nf3 Qg6 26. Nh4 Qg5 1/2-1/2

[Event "Wednesday Apr 11 Engine Tour 9 Rd Swiss 12m+1s Starts at 1600hrs ST"]
[Site "Infinity Chess"]
[Date "2018.4.11"]
[Round "8"]
[White "ocirema"]
[Black "Deep_Impact"]
[Result "1/2-1/2"]
[ECO "B12"]
[WhiteElo "2445"]
[BlackElo "2428"]
[WhiteEngine "asmFishW_2018-04-08_popcnt"]
[BlackEngine "asmFishW_2018-04-07_bmi2"]
[EventType "Swiss"]
[WhiteTeam ""]
[BlackTeam ""]
[PlyCount "81"]
[TimeControl "720+1"]

1. e4 c6 2. d4 d5 3. e5 c5 4. Nf3 cxd4 5. Nxd4 Nc6 6. c4 e6 7. Nc3 Bc5 
8. Nxc6 bxc6 9. cxd5 cxd5 10. b4 Be7 11. Rb1 Bd7 12. Be3 a5 13. b5 Rc8 
14. Qg4 Bf8 15. Bd2 Nh6 16. Qf4 Bb4 17. Nd1 g5 18. Qd4 Nf5 19. Qb2 Bxd2+ 
20. Qxd2 Qc7 21. Be2 Qxe5 22. O-O h6 23. Bd3 Qd4 24. Ne3 Nxe3 25. fxe3 Qc3 
26. Qe2 Ke7 27. Rb3 Qe5 28. Qd2 Rc7 29. Qxa5 Qxe3+ 30. Kh1 Qc5 31. Qd2 Ra7 
32. b6 Ra4 33. Qb2 d4 34. a3 Rc8 35. b7 Rb8 36. Bb5 Bxb5 37. Rxb5 Qc6 
38. Rb6 Qc5 39. Rb5 Qc6 40. Rb6 Qc5 41. Rb5 1/2-1/2

[Event "Wednesday Apr 11 Engine Tour 9 Rd Swiss 12m+1s Starts at 1600hrs ST"]
[Site "Infinity Chess"]
[Date "2018.4.11"]
[Round "8"]
[White "Thinker"]
[Black "hafaba"]
[Result "1/2-1/2"]
[ECO "C50"]
[WhiteElo "2434"]
[BlackElo "2455"]
[WhiteEngine "BrainFish_180408_x64_modern_CTG"]
[BlackEngine "Eman 1.70-beta18x 64-bit POPCNT_CTG"]
[EventType "Swiss"]
[WhiteTeam ""]
[BlackTeam ""]
[PlyCount "128"]
[TimeControl "720+1"]

1. e4 e5 2. Nf3 Nc6 3. Bc4 Bc5 4. O-O Nf6 5. d3 d6 6. c3 O-O 7. h3 a5 8. Nbd2 h6 
9. Re1 Be6 10. b3 Ba7 11. Nf1 d5 12. exd5 Nxd5 13. Bd2 Qf6 14. N1h2 Rad8 
15. Ng4 Bxg4 16. hxg4 e4 17. g5 hxg5 18. Bxg5 Nxc3 19. Bxf6 Nxd1 20. Raxd1 gxf6 
21. Rxe4 Rfe8 22. Rd2 Rxe4 23. dxe4 Rxd2 24. Nxd2 Kf8 25. g3 Ke7 26. Kg2 Bc5 
27. Be2 Nb4 28. a4 Nc6 29. f4 Nd4 30. Bd1 Bb4 31. Nf3 Ne6 32. Nh4 Kd7 33. Bg4 c6 
34. Kf2 Ke7 35. Nf5+ Kf8 36. Bd1 Nc5 37. Kf3 Bc3 38. Ke3 Bb2 39. Kf3 Bc3 
40. Ne3 Ke7 41. Bc2 Bd2 42. Nc4 Bc3 43. Ne3 Ke6 44. Nf5 Kd7 45. Ne3 Kd6 
46. Nf5+ Ke6 47. Kg4 Be1 48. Nd4+ Kd6 49. Nf5+ Ke6 50. Kf3 Bc3 51. Ke2 b5 
52. Kf3 Bb2 53. Kg4 Kd7 54. Kh5 Ke8 55. Nd6+ Ke7 56. Nf5+ Kf8 57. Kg4 Ke8 
58. axb5 cxb5 59. Nd6+ Kd7 60. Nxb5 Kc6 61. Na7+ Kb7 62. Nb5 Kc6 63. Na7+ Kb7 
64. Nb5 Kc6 1/2-1/2

[Event "Wednesday Apr 11 Engine Tour 9 Rd Swiss 12m+1s Starts at 1600hrs ST"]
[Site "Infinity Chess"]
[Date "2018.4.11"]
[Round "8"]
[White "Murx"]
[Black "star99"]
[Result "1/2-1/2"]
[ECO "A29"]
[WhiteElo "2460"]
[BlackElo "2416"]
[WhiteEngine "asmFishW_2018-04-07_popcnt"]
[BlackEngine "Cryptic Heroes 9.3B"]
[EventType "Swiss"]
[WhiteTeam ""]
[BlackTeam ""]
[PlyCount "137"]
[TimeControl "720+1"]

1. c4 e5 2. Nc3 Nc6 3. Nf3 Nf6 4. g3 d5 5. cxd5 Nxd5 6. Bg2 Nb6 7. O-O Be7 
8. d3 O-O 9. Be3 Bg4 10. Rc1 Re8 11. Re1 h6 12. a3 Qd7 13. Ne4 Bxf3 14. Bxf3 Nd4 
15. Bg2 c6 16. Bd2 Qe6 17. b4 Qb3 18. Qxb3 Nxb3 19. Rb1 Nxd2 20. Nxd2 a6 
21. Nb3 Rec8 22. Nc5 Rab8 23. a4 Rc7 24. Rec1 g6 25. Kf1 Nd7 26. Ne4 b5 
27. axb5 axb5 28. Nc3 Bd6 29. Rc2 Kf8 30. Rbc1 Rbc8 31. h4 h5 32. e3 f5 
33. Rb1 Nf6 34. Ra2 Be7 35. Rb3 Rd8 36. Ke2 Rdc8 37. Kf1 Rd8 38. Ke2 Rb8 
39. Bf3 Rb6 40. Ra8+ Kg7 41. Bg2 Kf7 42. e4 Ng4 43. exf5 gxf5 44. Rb2 Nf6 
45. Nd1 Kg6 46. Bh3 f4 47. gxf4 exf4 48. Nc3 c5 49. bxc5 Rxc5 50. Kd2 Nd5 
51. Ne4 Rc7 52. Rb1 Bb4+ 53. Ke2 Nc3+ 54. Nxc3 Bxc3 55. Bg2 Bf6 56. Be4+ Kf7 
57. Kf3 Rc5 58. Ra7+ Ke6 59. Kxf4 b4 60. Bg6 Bxh4 61. Rg1 Rcb5 62. Bf7+ Kd6 
63. d4 Rb7 64. Ra6+ R5b6 65. Rxb6+ Rxb6 66. Rg6+ Kc7 67. Rxb6 Kxb6 68. Ke5 Bxf2 
69. Bxh5 1/2-1/2

[Event "Wednesday Apr 11 Engine Tour 9 Rd Swiss 12m+1s Starts at 1600hrs ST"]
[Site "Infinity Chess"]
[Date "2018.4.11"]
[Round "8"]
[White "MarioDeMonti"]
[Black "Marsell"]
[Result "1/2-1/2 "]
[ECO "C55"]
[WhiteElo "2483"]
[BlackElo "2463"]
[WhiteEngine "stockfish_x64_bmi2_2018_02_18_CTG"]
[BlackEngine "BrainFish_180408_x64_bmi2"]
[EventType "Swiss"]
[WhiteTeam ""]
[BlackTeam ""]
[PlyCount "204"]
[TimeControl "720+1"]

1. e4 e5 2. Nf3 Nc6 3. Bc4 Nf6 4. d3 Bc5 5. c3 d6 6. O-O O-O 7. h3 a6 8. Re1 Ba7 
9. a4 h6 10. Nbd2 Nh5 11. Nf1 Qf6 12. Ne3 Nf4 13. Ng4 Qg6 14. Bxf4 exf4 
15. d4 Bxg4 16. hxg4 Qxg4 17. a5 Rae8 18. b4 Ne7 19. b5 axb5 20. Bxb5 c6 
21. Bd3 Qe6 22. Rb1 Rb8 23. c4 b5 24. cxb5 cxb5 25. Qd2 Rfc8 26. Rb2 g6 
27. a6 Kg7 28. Bxb5 d5 29. Bd3 Rxb2 30. Qxb2 Rc7 31. exd5 Qxd5 32. Qa1 Qd6 
33. d5+ Kh7 34. Be4 Ng8 35. Qe5 Rd7 36. Bd3 Qxd5 37. Qxd5 Rxd5 38. Bc4 Rd6 
39. Rb1 Rb6 40. Rxb6 Bxb6 41. Ne5 Kg7 42. Nc6 g5 43. Be2 f5 44. a7 Bxa7 
45. Nxa7 Nf6 46. Kf1 Ne4 47. f3 Nc5 48. Nc6 Kg6 49. Nd4 Kf6 50. Nc6 Kg6 
51. Nb4 Kf6 52. Bd3 Ne6 53. Nc2 Nc5 54. Ke2 h5 55. Bc4 g4 56. Nb4 Kg7 
57. Na2 Kg6 58. Kf2 Kf6 59. Nb4 Nd7 60. Nd5+ Ke5 61. Ba2 Nc5 62. Ne7 Kf6 
63. Nc6 Nd3+ 64. Kf1 Nc5 65. Kg1 Nb7 66. Bb3 Nd6 67. Bd5 Ne8 68. Nb4 Nd6 
69. Nd3 Nb5 70. Bc4 Nd4 71. fxg4 fxg4 72. Nxf4 h4 73. Ba6 Nf5 74. Bc8 Ng3 
75. Kf2 Kg5 76. Ne2 Ne4+ 77. Kg1 Nd6 78. Be6 Ne4 79. Kh2 Nd2 80. Kh1 Ne4 
81. Bc8 Nf2+ 82. Kg1 Ne4 83. Kh1 Nc5 84. Nc3 Kf4 85. Ne2+ Kg5 86. Nc3 Nd3 
87. Be6 Kf4 88. Kh2 Ne5 89. Bd5 Ke3 90. Bb7 Kf4 91. Ne4 Kf5 92. Bd5 Kf4 
93. Bb7 Nc4 94. Nf6 Kg5 95. Ne4+ Kf4 96. Nf6 Ne5 97. Ne8 Nd3 98. Bc8 Kg5 
99. Nd6 Ne5 100. Ne4+ Kf4 101. Nf6 Kg5 102. Nd5 Kh5 1/2-1/2

[Event "Wednesday Apr 11 Engine Tour 9 Rd Swiss 12m+1s Starts at 1600hrs ST"]
[Site "Infinity Chess"]
[Date "2018.4.11"]
[Round "8"]
[White "Dovahkiin"]
[Black "RonWeasley"]
[Result "1/2-1/2"]
[ECO "C02"]
[WhiteElo "2419"]
[BlackElo "2489"]
[WhiteEngine "Raubfisch ME262_GTZ16f_CTG"]
[BlackEngine "BrainFish 090218_CTG"]
[EventType "Swiss"]
[WhiteTeam ""]
[BlackTeam ""]
[PlyCount "92"]
[TimeControl "720+1"]

1. e4 e6 2. d4 d5 3. e5 c5 4. c3 Nc6 5. Nf3 Qb6 6. a3 f6 7. Bd3 fxe5 
8. dxe5 Nge7 9. c4 dxc4 10. Bxc4 Nf5 11. O-O Be7 12. Nc3 O-O 13. Re1 Qd8 
14. Bd3 b6 15. Ne2 Na5 16. Rb1 Bb7 17. Nf4 c4 18. Bxf5 exf5 19. Be3 Qxd1 
20. Rbxd1 Bxf3 21. gxf3 Nc6 22. Nd5 Rac8 23. Nxe7+ Nxe7 24. Rd7 Nc6 25. f4 Rcd8 
26. Red1 Rxd7 27. Rxd7 Rf7 28. Rd6 Rc7 29. Kf1 Kf7 30. Ke2 Na5 31. Rd8 Nc6 
32. Rh8 h6 33. h4 b5 34. Kd2 Ke6 35. Ra8 Kd5 36. h5 a5 37. Bb6 Rd7 38. Kc1 Ke4 
39. Ra6 Rb7 40. Be3 Kd5 41. Kd2 Rb8 42. Kc1 Rc8 43. Bd2 Kc5 44. Be3+ Kd5 
45. Bd2 Kc5 46. Be3+ Kd5 1/2-1/2

[Event "Wednesday Apr 11 Engine Tour 9 Rd Swiss 12m+1s Starts at 1600hrs ST"]
[Site "Infinity Chess"]
[Date "2018.4.11"]
[Round "8"]
[White "Harry_Potter"]
[Black "MCDermont"]
[Result "1/2-1/2"]
[ECO "C55"]
[WhiteElo "2486"]
[BlackElo "2495"]
[WhiteEngine "Stockfish_x64_bmi2_CTG"]
[BlackEngine "BrainFish 090218"]
[EventType "Swiss"]
[WhiteTeam ""]
[BlackTeam ""]
[PlyCount "166"]
[TimeControl "720+1"]

1. e4 e5 2. Nf3 Nc6 3. Bc4 Nf6 4. d3 Bc5 5. c3 d6 6. O-O O-O 7. h3 a5 8. Bg5 h6 
9. Bh4 g5 10. Bg3 Nh5 11. d4 Nxg3 12. fxg3 Ba7 13. Kh2 g4 14. Nh4 exd4 
15. Nf5 Kh7 16. h4 Ne5 17. Be2 Bxf5 18. Rxf5 dxc3 19. Nxc3 c6 20. Bxg4 Qb6 
21. Bh5 Rae8 22. Qe2 Kg7 23. Raf1 Re7 24. g4 Qe3 25. g5 hxg5 26. Rxg5+ Kh7 
27. Rgf5 Kg8 28. Qc2 Qd3 29. Rg5+ Kh8 30. Qxd3 Nxd3 31. Rf6 Re6 32. Rxf7 Rxf7 
33. Bxf7 Re7 34. Rxa5 Bd4 35. Bb3 Nxb2 36. Rh5+ Kg7 37. Ne2 Rxe4 38. Nxd4 Rxd4 
39. Kg3 Nd3 40. Rg5+ Kf6 41. Rg8 Nf4 42. Kf3 d5 43. g4 Ne6 44. Bc2 Rc4 
45. Bh7 Ra4 46. g5+ Ke5 47. h5 Ra3+ 48. Kg4 Rxa2 49. h6 Ra4+ 50. Kf3 Ra3+ 
51. Ke2 Kf4 52. Bg6 Nxg5 53. h7 Nxh7 54. Bxh7 Rh3 55. Bd3 Rh2+ 56. Kd1 Ke3 
57. Bf5 Kd4 58. Rg4+ Kc3 59. Rg7 Rh5 60. Rg3+ Kb4 61. Rg4+ Ka5 62. Bd7 Rh7 
63. Be6 b5 64. Kd2 Re7 65. Bg8 Re5 66. Rd4 Rg5 67. Bf7 Rf5 68. Be6 Re5 
69. Bg8 Kb6 70. Kc3 Rf5 71. Kd2 Rf2+ 72. Kc3 Rf3+ 73. Kd2 Ka5 74. Bxd5 cxd5 
75. Rxd5 Ka4 76. Kc1 b4 77. Kb2 Rf2+ 78. Kb1 Ka3 79. Rd3+ b3 80. Rd1 Rf5 
81. Rc1 Rf4 82. Rg1 Rh4 83. Re1 Rd4 1/2-1/2

[Event "Wednesday Apr 11 Engine Tour 9 Rd Swiss 12m+1s Starts at 1600hrs ST"]
[Site "Infinity Chess"]
[Date "2018.4.11"]
[Round "7"]
[White "Time_bandit"]
[Black "ocirema"]
[Result "1/2-1/2"]
[ECO "C77"]
[WhiteElo "2435"]
[BlackElo "2445"]
[WhiteEngine "asmFishW_2018-02-02_popcnt"]
[BlackEngine "asmFishW_2018-04-08_popcnt"]
[EventType "Swiss"]
[WhiteTeam ""]
[BlackTeam ""]
[PlyCount "139"]
[TimeControl "720+1"]

1. e4 e5 2. Nf3 Nc6 3. Bb5 a6 4. Ba4 Nf6 5. O-O Be7 6. Re1 b5 7. Bb3 O-O 
8. c3 d5 9. exd5 Nxd5 10. Nxe5 Nxe5 11. Rxe5 c6 12. d4 Bd6 13. Re1 Qh4 
14. g3 Qh3 15. Be3 Bg4 16. Qd3 Rae8 17. Nd2 Re6 18. a4 Qh5 19. axb5 axb5 
20. Nf1 Bf5 21. Qd2 Bh3 22. Bd1 Qg6 23. Bf3 Qf5 24. Qd1 h5 25. Ra6 Bb8 
26. Bh1 h4 27. Bd2 Rf6 28. Qe2 Re6 29. Qf3 Rxe1 30. Bxe1 Bf4 31. Bg2 Bg4 
32. Qe4 Qc8 33. Ra1 Re8 34. Qb1 Bf5 35. Qd1 Bg4 36. Qd3 Be2 37. Qc2 h3 
38. Be4 Qg4 39. Bf5 Qh5 40. gxf4 Qf3 41. Qe4 Qxe4 42. Bxe4 Rxe4 43. Bd2 Re7 
44. Ng3 Bf3 45. Kf1 Bg2+ 46. Kg1 Nb6 47. b3 Re8 48. Ra6 Nd7 49. Be3 Nf6 
50. c4 Rb8 51. Ra1 bxc4 52. bxc4 Ng4 53. Rc1 Rb4 54. Nf5 g6 55. Nh4 Nxe3 
56. fxe3 Be4 57. d5 cxd5 58. cxd5 Bxd5 59. Kf2 Rb2+ 60. Kg3 Re2 61. Rc3 f6 
62. Kxh3 g5 63. fxg5 fxg5 64. Nf5 Be6 65. Rc5 Rxe3+ 66. Kg4 Kh7 67. Kxg5 Bxf5 
68. Rxf5 Re4 69. h4 Kh8 70. h5 1/2-1/2

[Event "Wednesday Apr 11 Engine Tour 9 Rd Swiss 12m+1s Starts at 1600hrs ST"]
[Site "Infinity Chess"]
[Date "2018.4.11"]
[Round "7"]
[White "Deep_Impact"]
[Black "star99"]
[Result "1/2-1/2"]
[ECO "A50"]
[WhiteElo "2429"]
[BlackElo "2415"]
[WhiteEngine "asmFishW_2018-04-07_bmi2"]
[BlackEngine "Cryptic Heroes 9.3B"]
[EventType "Swiss"]
[WhiteTeam ""]
[BlackTeam ""]
[PlyCount "96"]
[TimeControl "720+1"]

1. d4 Nf6 2. c4 c6 3. Nf3 d5 4. Nc3 e6 5. Bg5 dxc4 6. e4 b5 7. e5 h6 8. Bh4 g5 
9. Nxg5 hxg5 10. Bxg5 Nbd7 11. exf6 Bb7 12. g3 c5 13. d5 Nxf6 14. Bg2 Bh6 
15. Bxf6 Qxf6 16. O-O O-O-O 17. Nxb5 a6 18. Nc3 exd5 19. Na4 Bc6 20. Re1 Kb8 
21. Nxc5 Ka7 22. Rb1 Bf8 23. b4 Rb8 24. Qc2 Bxc5 25. bxc5 c3 26. h4 Rhd8 
27. h5 d4 28. Bxc6 Qxc6 29. Rxb8 Rxb8 30. h6 Qg6 31. Qd1 Qxh6 32. Qxd4 Qd2 
33. Qxd2 cxd2 34. Rd1 Rb2 35. a3 Ra2 36. f3 a5 37. Kf1 a4 38. Ke2 Rxa3 
39. Rxd2 Rc3 40. Rd7+ Ka6 41. Rxf7 a3 42. Rf8 Ka5 43. f4 Rxg3 44. c6 Kb6 
45. Rb8+ Kxc6 46. Ra8 Kd5 47. Kd1 Ke4 48. f5 Kxf5 1/2-1/2

[Event "Wednesday Apr 11 Engine Tour 9 Rd Swiss 12m+1s Starts at 1600hrs ST"]
[Site "Infinity Chess"]
[Date "2018.4.11"]
[Round "7"]
[White "Thinker"]
[Black "localhero"]
[Result "1/2-1/2"]
[ECO "C55"]
[WhiteElo "2434"]
[BlackElo "2431"]
[WhiteEngine "BrainFish_180408_x64_modern_CTG"]
[BlackEngine "asmFishW_2017-10-04_popcnt"]
[EventType "Swiss"]
[WhiteTeam ""]
[BlackTeam ""]
[PlyCount "91"]
[TimeControl "720+1"]

1. e4 e5 2. Nf3 Nc6 3. Bc4 Nf6 4. d3 Bc5 5. c3 d6 6. O-O a5 7. Re1 O-O 8. h3 h6 
9. Nbd2 Be6 10. a4 Bb6 11. b3 d5 12. Bb5 Ne7 13. exd5 Nfxd5 14. Qc2 c6 
15. Bc4 Ng6 16. d4 Ndf4 17. dxe5 Nh4 18. Bf1 Bd5 19. Re4 Nfg6 20. Bc4 Re8 
21. g3 Nxf3+ 22. Nxf3 Qd7 23. Bxd5 cxd5 24. Rg4 Qc6 25. Nd4 Bxd4 26. Rxd4 Nxe5 
27. Kg2 Rab8 28. Bf4 b5 29. Ra2 bxa4 30. bxa4 f6 31. Qd1 Rbd8 32. Rb2 Qxc3 
33. Rb3 Qc6 34. Rb5 Re7 35. Rxa5 Rb7 36. Kh2 Qb6 37. Rb5 Qxd4 38. Qxd4 Rxb5 
39. Kg2 Rb1 40. h4 Rg1+ 41. Kh3 Rh1+ 42. Kg2 Rh2+ 43. Kf1 Rh1+ 44. Kg2 Rh2+ 
45. Kf1 Rh1+ 46. Kg2 1/2-1/2

[Event "Wednesday Apr 11 Engine Tour 9 Rd Swiss 12m+1s Starts at 1600hrs ST"]
[Site "Infinity Chess"]
[Date "2018.4.11"]
[Round "7"]
[White "Marsell"]
[Black "Murx"]
[Result "1/2-1/2"]
[ECO "B12"]
[WhiteElo "2463"]
[BlackElo "2460"]
[WhiteEngine "BrainFish_180408_x64_bmi2"]
[BlackEngine "asmFishW_2018-04-07_popcnt"]
[EventType "Swiss"]
[WhiteTeam ""]
[BlackTeam ""]
[PlyCount "130"]
[TimeControl "720+1"]

1. e4 c6 2. d4 d5 3. e5 Bf5 4. Nf3 e6 5. Be2 Nd7 6. O-O Ne7 7. c3 h6 8. Nbd2 Qc7 
9. Re1 a5 10. a3 a4 11. Nf1 Qb6 12. Ng3 Bg6 13. Bd3 Bxd3 14. Qxd3 c5 15. Be3 Qa6 
16. Qd1 g6 17. h4 Nc6 18. Rb1 Be7 19. Qd2 Bf8 20. Nh2 Be7 21. Nf3 Bf8 
22. Qd1 Be7 23. Ne2 Qc4 24. Qd2 Bf8 25. Nf4 Be7 26. Ne2 Bf8 27. g3 Bg7 
28. Kg2 Na5 29. Qd1 Qb3 30. Qc1 Nc4 31. Nd2 Qb5 32. Bf4 Nxd2 33. Bxd2 Nb6 
34. Qd1 Nc4 35. h5 O-O 36. dxc5 Qxc5 37. Nd4 Ra6 38. f4 Qe7 39. Be3 g5 
40. fxg5 hxg5 41. Nf3 Bxe5 42. Bxg5 Bf6 43. Bf4 Kh8 44. Be5 Nxe5 45. Nxe5 Rg8 
46. Qf3 Rg5 47. Ng4 e5 48. Rf1 Bg7 49. h6 Bxh6 50. Rh1 Kg7 51. Nxh6 Rxh6 
52. Rxh6 Kxh6 53. Qxd5 e4 54. Qd4 Kg6 55. Rh1 Qe5 56. Qe3 f6 57. Rh8 Rh5 
58. Rxh5 Kxh5 59. Qe2+ Kh6 60. Qd2+ Kh5 61. Qd7 Kg6 62. Qg4+ Kf7 63. Qd7+ Kg6 
64. Qg4+ Kf7 65. Qd7+ Kg6 1/2-1/2

[Event "Wednesday Apr 11 Engine Tour 9 Rd Swiss 12m+1s Starts at 1600hrs ST"]
[Site "Infinity Chess"]
[Date "2018.4.11"]
[Round "7"]
[White "hafaba"]
[Black "Seliga"]
[Result "1/2-1/2"]
[ECO "C50"]
[WhiteElo "2454"]
[BlackElo "2474"]
[WhiteEngine "Eman 1.70-beta18x 64-bit POPCNT_CTG"]
[BlackEngine "SF9 ''A5''_CTG"]
[EventType "Swiss"]
[WhiteTeam ""]
[BlackTeam ""]
[PlyCount "129"]
[TimeControl "720+1"]

1. e4 e5 2. Nf3 Nc6 3. Bc4 Bc5 4. d3 Nf6 5. O-O a5 6. c3 d6 7. Re1 O-O 
8. Nbd2 Ba7 9. Nf1 Be6 10. Bb5 Ne7 11. d4 exd4 12. Nxd4 c6 13. Bd3 Ng6 
14. Bc2 Bd7 15. f4 d5 16. exd5 cxd5 17. Be3 Re8 18. Qd2 a4 19. a3 Qc7 20. g3 Ne4 
21. Bxe4 dxe4 22. Rad1 Rad8 23. Qe2 Bb8 24. Nc2 Ne7 25. Bf2 f5 26. Nfe3 Qa5 
27. Qc4+ Kf8 28. Qb4 Qxb4 29. axb4 h6 30. Ng2 Be6 31. Nd4 Kf7 32. Ra1 Bb3 
33. Be3 g6 34. Ra3 Nd5 35. Bf2 Rd7 36. Nxb3 axb3 37. Rxb3 g5 38. c4 Nf6 
39. Be3 gxf4 40. Bxf4 Bxf4 41. Nxf4 Ng4 42. Rc3 Rd2 43. h3 Ne5 44. Re2 Rxe2 
45. Nxe2 Rd8 46. b5 Rd2 47. Kf2 Rxb2 48. Ke3 Kf6 49. Nf4 Nf7 50. g4 fxg4 
51. hxg4 Ke5 52. Ng6+ Kf6 53. Nf8 Nd6 54. Nd7+ Ke7 55. Nc5 Rb1 56. b6 Rb4 
57. Kf4 Nxc4 58. Kxe4 Nxb6+ 59. Kf5 Nd5 60. Rh3 Rb5 61. Nxb7 Rxb7 62. Rxh6 Kf8 
63. g5 Ne7+ 64. Kg4 Nd5 65. Kh5 1/2-1/2

[Event "Wednesday Apr 11 Engine Tour 9 Rd Swiss 12m+1s Starts at 1600hrs ST"]
[Site "Infinity Chess"]
[Date "2018.4.11"]
[Round "7"]
[White "RonWeasley"]
[Black "Harry_Potter"]
[Result "1/2-1/2"]
[ECO "E32"]
[WhiteElo "2489"]
[BlackElo "2486"]
[WhiteEngine "BrainFish 090218_CTG"]
[BlackEngine "Stockfish_x64_bmi2_CTG"]
[EventType "Swiss"]
[WhiteTeam ""]
[BlackTeam ""]
[PlyCount "64"]
[TimeControl "720+1"]

1. d4 Nf6 2. c4 e6 3. Nc3 Bb4 4. Qc2 O-O 5. e4 d5 6. e5 Ne4 7. Bd3 c5 
8. Nf3 cxd4 9. Nxd4 Nd7 10. Bf4 Qh4 11. g3 Qh5 12. O-O g5 13. cxd5 Bxc3 
14. bxc3 exd5 15. Bxe4 dxe4 16. e6 gxf4 17. exd7 fxg3 18. fxg3 Bxd7 19. Qxe4 Bh3 
20. Rf3 Rfe8 21. Qxb7 Rab8 22. Qc6 Qg5 23. Qf6 Qd2 24. Qxf7+ Kh8 25. Qf6+ Kg8 
26. Qf7+ Kh8 27. Qf6+ Kg8 28. Ne2 Qxe2 29. Qg5+ Kh8 30. Qf6+ Kg8 31. Qf7+ Kh8 
32. Qf6+ Kg8 1/2-1/2

[Event "Wednesday Apr 11 Engine Tour 9 Rd Swiss 12m+1s Starts at 1600hrs ST"]
[Site "Infinity Chess"]
[Date "2018.4.11"]
[Round "7"]
[White "MCDermont"]
[Black "MarioDeMonti"]
[Result "1/2-1/2"]
[ECO "C50"]
[WhiteElo "2495"]
[BlackElo "2483"]
[WhiteEngine "BrainFish 090218"]
[BlackEngine "stockfish_x64_bmi2_2018_02_18_CTG"]
[EventType "Swiss"]
[WhiteTeam ""]
[BlackTeam ""]
[PlyCount "133"]
[TimeControl "720+1"]

1. e4 e5 2. Nf3 Nc6 3. Bc4 Bc5 4. O-O Nf6 5. d3 d6 6. c3 O-O 7. Nbd2 a5 
8. Re1 h6 9. Nf1 a4 10. h3 Bd7 11. Bb5 Ne7 12. Bxd7 Qxd7 13. Ng3 Bb6 14. d4 Rfe8 
15. Be3 Qb5 16. Rb1 exd4 17. cxd4 d5 18. e5 Ne4 19. Nh4 Nxg3 20. fxg3 g5 
21. Kh1 Qd7 22. Nf3 Nf5 23. Bf2 Rf8 24. Qd3 Ng7 25. Nh2 f6 26. Ng4 fxe5 
27. Rxe5 Qd6 28. Be1 h5 29. Nh2 Rae8 30. Rxg5 Qe6 31. Re5 Qc6 32. Rg5 Qe6 
33. Re5 Qc6 34. Nf3 Qc4 35. Qxc4 dxc4 36. Bc3 Nf5 37. Rbe1 Rxe5 38. Rxe5 Nxg3+ 
39. Kh2 Nf5 40. Rb5 a3 41. bxa3 Ne3 42. a4 Rf5 43. Rxf5 Nxf5 44. Nd2 Bxd4 
45. Bxd4 Nxd4 46. Nxc4 Ne2 47. Na5 b6 48. Nc4 Nc3 49. Kg3 Nxa4 50. Kh4 b5 
51. Na5 Nc3 52. a3 Nb1 53. Nb3 Nxa3 54. Kxh5 Kf7 55. g4 Nc4 56. g5 Ne5 
57. h4 Kg7 58. Nd4 b4 59. Ne6+ Kf7 60. Nxc7 b3 61. Nb5 b2 62. Nc3 Kg7 
63. g6 b1=Q 64. Nxb1 Nf3 65. Kg4 Ne5+ 66. Kh5 Kf6 67. Nd2 1/2-1/2

[Event "Wednesday Apr 11 Engine Tour 9 Rd Swiss 12m+1s Starts at 1600hrs ST"]
[Site "Infinity Chess"]
[Date "2018.4.11"]
[Round "7"]
[White "SkyPilot"]
[Black "Dovahkiin"]
[Result "1/2-1/2"]
[ECO "D31"]
[WhiteElo "2506"]
[BlackElo "2415"]
[WhiteEngine "stockfish_x64_bmi2_2018_04_07_CTG"]
[BlackEngine "Raubfisch ME262_GTZ16f_CTG"]
[EventType "Swiss"]
[WhiteTeam ""]
[BlackTeam ""]
[PlyCount "122"]
[TimeControl "720+1"]

1. d4 d5 2. c4 e6 3. Nc3 c6 4. e4 dxe4 5. Nxe4 Bb4+ 6. Bd2 Qxd4 7. Bxb4 Qxe4+ 
8. Be2 Na6 9. Ba5 b6 10. Qd6 Bd7 11. Bc3 f6 12. Nf3 Nh6 13. Rd1 Rd8 14. Qa3 Bc8 
15. Nd2 Qf4 16. Bh5+ Nf7 17. O-O c5 18. Qa4+ Ke7 19. Rfe1 Rhe8 20. Qc2 Bb7 
21. Bf3 Bxf3 22. Nxf3 Rxd1 23. Rxd1 Rd8 24. Rxd8 Nxd8 25. Qxh7 Kf7 26. Qd3 Nc6 
27. g3 Qc7 28. a3 Qd8 29. Qe4 Qd1+ 30. Kg2 Qd7 31. h4 e5 32. h5 Nc7 33. b3 Ne6 
34. b4 Ncd4 35. Bxd4 cxd4 36. Kf1 a5 37. Ke2 Qe7 38. Nh4 axb4 39. h6 gxh6 
40. Qg6+ Kf8 41. axb4 Qf7 42. Qxh6+ Ke8 43. Qg6 Qxg6 44. Nxg6 Nc7 45. f4 Kf7 
46. Nh4 Na6 47. fxe5 fxe5 48. Nf3 Ke6 49. g4 Nxb4 50. Ng5+ Ke7 51. Nf3 Ke6 
52. Ng5+ Ke7 53. Nf3 d3+ 54. Ke3 Kf6 55. Nd2 Kg6 56. Ke4 Kg5 57. Nf3+ Kxg4 
58. Nxe5+ Kh5 59. Nxd3 Nc6 60. Ne5 Na5 61. Kf4 Kh6 1/2-1/2

[Event "Wednesday Apr 11 Engine Tour 9 Rd Swiss 12m+1s Starts at 1600hrs ST"]
[Site "Infinity Chess"]
[Date "2018.4.11"]
[Round "6"]
[White "Harry_Potter"]
[Black "CrapCleaner"]
[Result "1-0"]
[ECO "C50"]
[WhiteElo "2470"]
[BlackElo "2477"]
[WhiteEngine "Stockfish_x64_bmi2_CTG"]
[BlackEngine "Houdini 6.03 Standard_CTG"]
[EventType "Swiss"]
[WhiteTeam ""]
[BlackTeam ""]
[PlyCount "194"]
[TimeControl "720+1"]

1. e4 e5 2. Nf3 Nc6 3. Bc4 Bc5 4. O-O Nf6 5. d3 d6 6. c3 O-O 7. h3 a5 8. Bg5 h6 
9. Bh4 g5 10. Bg3 Nh5 11. d4 Nxg3 12. fxg3 Bb6 13. Kh2 Kg7 14. dxe5 dxe5 
15. Nbd2 f6 16. a4 Qe8 17. Bd5 Ne7 18. Bb3 Ra6 19. Nc4 Ba7 20. Qe2 Ng6 
21. Ne3 Bxe3 22. Qxe3 Rb6 23. Nd2 Qe7 24. Rab1 Rh8 25. Bd1 Rc6 26. Be2 h5 
27. Nc4 h4 28. Nxa5 Rd6 29. Nc4 Rdd8 30. g4 Bd7 31. Ra1 Nf4 32. b3 Kg6 
33. Rf2 Ra8 34. Nb2 Be6 35. b4 c5 36. b5 Rhd8 37. a5 Qc7 38. b6 Qc6 39. Nc4 Rd7 
40. Bf1 Rad8 41. Qe1 Nd3 42. Bxd3 Rxd3 43. Nb2 R3d6 44. Qe2 c4 45. Qf3 Rf8 
46. Rff1 Qc5 47. Ra4 Bf7 48. Rfa1 Ra8 49. Qe2 Rad8 50. Rb4 Be6 51. Kh1 Ra8 
52. Nxc4 Rc6 53. Raa4 Ra6 54. Kh2 Rc8 55. Qf1 Rc6 56. Qf3 Kg7 57. Qe2 Kg6 
58. Qd2 Kh6 59. Ne3 Qxc3 60. Qf2 Kg7 61. Rb5 Qd3 62. Nd5 Bf7 63. Rab4 Ra8 
64. Qe3 Qxe3 65. Nxe3 Kf8 66. Rb1 Bc4 67. Nxc4 Rxc4 68. Rd1 Ke7 69. Rbd5 Rd4 
70. R1xd4 exd4 71. Kg1 Rb8 72. Rxd4 Rc8 73. Kf2 Rc2+ 74. Ke3 Rc1 75. a6 bxa6 
76. Rb4 Rc8 77. b7 Rb8 78. e5 fxe5 79. Rb6 Kd7 80. Ke4 a5 81. Kxe5 Kc7 
82. Ra6 Kxb7 83. Rxa5 Kb6 84. Rd5 Kc6 85. Rd6+ Kc5 86. Rg6 Kc4 87. Rxg5 Kd3 
88. Rf5 Re8+ 89. Kf4 Rg8 90. g5 Kd4 91. Kg4 Ke4 92. Rf2 Ke3 93. Rf6 Kd4 
94. g6 Ke5 95. Rf2 Rg7 96. Kxh4 Ke6 97. Kg5 Ke5 1-0